 Dungeon Crawl Stone Soup version 0.23.2 (webtiles) character file.

Game seed: 8802313157523306536

2939 Menchi the Grappler (level 9, -1/74 HPs)
             Began as a Ghoul Monk on Apr 7, 2019.
             Was an Elder of Makhleb.
             Slain by a warg (8 damage)
             ... on level 8 of the Dungeon.
             The game lasted 00:17:36 (7205 turns).

Menchi the Grappler (Ghoul Monk)                    Turns: 7205, Time: 00:17:37

Health: -1/74      AC:  6    Str: 23    XL:     9   Next: 80%
Magic:  0/10       EV: 13    Int:  5    God:    Makhleb [****..]
Gold:   460        SH:  3    Dex: 11    Spells: 8/8 levels left

rFire    + . .     SeeInvis +     - Unarmed
rCold    x . .     Gourm    .   z - +0 buckler
rNeg     + + +     Faith    .   v - +1 leather armour of the Mantidfly {+Fly rC- Str+5}
rPois    ∞         Spirit   +   a - +2 hat of the Bear Spirit {Spirit, +Rage rN+ MR++}
rElec    .         Reflect  .   (no cloak)
rCorr    .         Harm     .   (no gloves)
MR       ++...                  (no boots)
Stlth    ++........             (no amulet)
HPRegen  0.00/turn              j - ring of fire
MPRegen  0.12/turn              l - ring of see invisible

@: rotting
A: rotting body, claws 1, carnivore, cold resistance 1, negative energy
resistance 3, inhibited regeneration, torment resistance, unbreathing
a: Minor Destruction, Lesser Servant of Makhleb, Major Destruction, Renounce
Religion, Evoke Flight


You were on level 8 of the Dungeon.
You worshipped Makhleb.
Makhleb was greatly pleased with you.
You were not hungry.

You visited 2 branches of the dungeon, and saw 10 of its levels.

You collected 460 gold pieces.

Inventory:

Armour
 a - the +2 hat of the Bear Spirit (worn) {Spirit, +Rage rN+ MR++}
   (You found it on level 6 of the Dungeon)

   It protects you from negative energy.
   It affects your resistance to hostile enchantments.
   It lets you go berserk.
 v - the +1 leather armour of the Mantidfly (worn) {+Fly rC- Str+5}
   (You found it on level 6 of the Dungeon)

   It affects your strength (+5).
   It makes you vulnerable to cold.
   It lets you fly.
 z - a +0 buckler (worn)
Jewellery
 j - a ring of fire (left claw)
 l - a ring of see invisible (right claw)
Wands
 d - a wand of random effects (22)
 o - a wand of flame (5)
 x - a wand of scattershot (8)
Scrolls
 e - 4 scrolls of teleportation
 f - 8 scrolls of identify
 g - 3 scrolls of amnesia
 h - 2 scrolls of enchant armour
 n - a scroll of blinking
 p - a scroll of fog {unknown}
 s - 2 scrolls of immolation {unknown}
 u - a scroll of enchant weapon {unknown}
 w - a scroll of fear {unknown}
 y - 2 scrolls of remove curse
Potions
 c - 3 potions of flight {unknown}
 i - a potion of lignification {unknown}
 k - 2 potions of ambrosia
 m - a potion of resistance
 q - 2 potions of degeneration {unknown}
 r - a potion of invisibility {unknown}
 t - 2 potions of heal wounds {unknown}
Comestibles
 b - 23 rations


   Skills:
 - Level 5.3 Fighting
 - Level 4.7 Armour
 * Level 5.5 Dodging
 - Level 2.1 Stealth
 * Level 0.2 Shields
 - Level 10.8 Unarmed Combat
 - Level 2.7 Evocations


You had 8 spell levels left.
You didn't know any spells.
Your spell library was empty.

Dungeon Overview and Level Annotations

Branches:
Dungeon (9/15)             Temple (1/1) D:4            Lair (0/6) D:9
    Orc: D:9-12

Altars:
Ashenzari
Cheibriados
Dithmenos
Fedhas
Hepliaklqana
Kikubaaqudgha
Makhleb
Nemelex Xobeh
Qazlal
Vehumet
Wu Jian
Xom
Yredelemnul
The Shining One


Innate Abilities, Weirdness & Mutations

Your body is rotting away.
You thrive on raw meat.
You are immune to poison.
You have sharp fingernails.
You are carnivorous and can eat meat at any time.
Your flesh is cold resistant. (rC+)
You are immune to negative energy. (rN+++)
You do not regenerate when monsters are visible.
You are immune to unholy pain and torment.
You can survive without breathing.


Message History

The warg barely misses you.
The orc priest looks encouraged for a moment.
There is a stone staircase leading up here.
There isn't anything here!
You climb upwards.
There is a stone staircase leading down here.
You are too injured to fight recklessly!
You are too injured to fight recklessly!
You are too injured to fight recklessly!
You scratch the warg but do no damage.
The warg is severely wounded.
The warg barely misses you. The warg bites you!
* * * LOW HITPOINT WARNING * * *
Your shield and leather armour of the Mantidfly prevent you from hitting the warg.
The warg is severely wounded.
The warg closely misses you.
You closely miss the warg.
The warg is severely wounded.
The warg bites you!
You die...

###### #....# #....#
#....# ###
########....###########..
#.......@.............+..
##.####..h....#########..
#.# #.......# #.. #.#
#<......# #.. #.#
#.......#########.. #.#
#.......'.......'.. #.#
#.......#########.. #.#
#.......# #.. #.#
#.......#########..


You could see a warg.

Vanquished Creatures
  Pikel (D:5)
  A wyvern (D:8)
  A spriggan (D:7)
  A phantom (D:6)
  4 ogres
  2 centaurs
  3 big kobolds
  A bullfrog (D:8)
  3 scorpions
  3 howler monkeys (D:8)
  A centaur zombie (D:8)
  6 crimson imps
  A jelly (D:7)
  3 hounds
  3 orc priests
  4 orc wizards
  A centaur skeleton (D:8)
  An iguana (D:6)
  5 worker ants
  A hound zombie (D:5)
  A worker ant zombie (D:6)
  A howler monkey zombie (D:7)
  4 gnolls (D:6)
  6 adders
  A shadow imp (D:5)
  An ooze (D:2)
  4 adder skeletons
  An adder zombie (D:3)
  3 worms
  2 dart slugs (D:1)
  2 leopard geckos
  14 orcs
  A ball python (D:5)
  2 giant cockroaches
  10 goblins
  3 hobgoblins (D:1)
  24 jackals
  2 quokkas (D:2)
  10 bats
  7 frilled lizards
  24 kobolds
  A leopard gecko skeleton (D:5)
  A quokka skeleton (D:6)
  6 rats
177 creatures vanquished.

Vanquished Creatures (others)
  An orc (D:8)
1 creature vanquished.

Grand Total: 178 creatures vanquished

Notes
Turn   | Place    | Note
-------+----------+-------------------------------------------
     0 | D:1      | Menchi the Ghoul Monk began the quest for the Orb.
     0 | D:1      | Reached XP level 1. HP: 19/19 MP: 0/0
   263 | D:1      | Reached XP level 2. HP: 14/26 MP: 1/1
   720 | D:1      | Reached XP level 3. HP: 27/31 MP: 2/2
   845 | D:2      | Reached skill level 4 in Unarmed Combat
  1480 | D:2      | Reached XP level 4. HP: 40/40 MP: 3/3
  2579 | D:4      | Reached XP level 5. HP: 46/46 MP: 4/4
  2592 | D:4      | Found a staircase to the Ecumenical Temple.
  2597 | Temple   | Entered the Ecumenical Temple
  2838 | Temple   | Became a worshipper of Makhleb the Destroyer
  2838 | Temple   | Reached * piety under Makhleb
  2838 | Temple   | Reached ** piety under Makhleb
  2922 | D:4      | Noticed an ogre
  2942 | D:4      | Killed an ogre
  2942 | D:4      | Reached skill level 5 in Unarmed Combat
  3140 | D:4      | Reached skill level 1 in Armour
  3140 | D:4      | Reached XP level 6. HP: 48/51 MP: 5/5
  3712 | D:5      | Entered Level 5 of the Dungeon
  3787 | D:5      | Reached skill level 6 in Unarmed Combat
  4132 | D:5      | Reached XP level 7. HP: 20/57 MP: 6/6
  4540 | D:5      | Noticed Pikel
  4587 | D:5      | Killed Pikel
  4587 | D:5      | Reached skill level 8 in Unarmed Combat
  4587 | D:5      | Reached XP level 8. HP: 11/64 MP: 7/7
  4745 | D:6      | Got a slimy leather armour
  4782 | D:6      | Identified the cursed +1 leather armour of the Mantidfly
                  | {+Fly rC- Str+5} (You found it on level 6 of the Dungeon)
  4796 | D:6      | Found the +2 hat of the Bear Spirit {Spirit, +Rage rN+
                  | MR++}
  4870 | D:6      | Reached skill level 1 in Evocations
  5156 | D:6      | Reached *** piety under Makhleb
  5156 | D:6      | Reached skill level 9 in Unarmed Combat
  5320 | D:6      | Reached skill level 5 in Fighting
  5563 | D:7      | Reached skill level 5 in Dodging
  5563 | D:7      | Reached XP level 9. HP: 63/74 MP: 4/9
  5588 | D:7      | Found a sparkling altar of Nemelex Xobeh.
  5625 | D:7      | Found an ancient bone altar of Kikubaaqudgha.
  6431 | D:8      | Reached skill level 10 in Unarmed Combat
  6502 | D:8      | Reached **** piety under Makhleb
  7175 | D:9      | Found a staircase to the Lair.
  7205 | D:8      | Slain by a warg

Skill      XL: |  1  2  3  4  5  6  7  8  9 |
---------------+----------------------------+-----
Dodging        | 3 4 5 |  5.5
Unarmed Combat | 4 5 6 8 9 10 | 10.8
Fighting       | 4 5 |  5.3
Armour         | 1 2 3 4 |  4.7
Evocations     | 2 |  2.7
Stealth        | |  2.1
Shields        | |  0.2

Action                   |  1- 3 |  4- 6 |  7- 9 || total
-------------------------+-------+-------+-------++-------
Melee: Unarmed           |   154 |   160 |   326 ||   640
       Punch             |     2 |     4 |     9 ||    15
Evoke: Wand              |       |     3 |    34 ||    37
  Use: Scroll            |       |     8 |     1 ||     9
       Potion            |       |     1 |     4 ||     5
 Stab: Sleeping          |     6 |     1 |       ||     7
  Eat: Chunk             |    14 |     8 |    22 ||    44
Armor: Robe              |    39 |    28 |    13 ||    80
       Leather armour    |       |       |    50 ||    50
Dodge: Dodged            |   122 |   107 |   220 ||   449
